NYP
SPOKANE INDIANS @ LOWELL SPINNERS
08/13/2048
 
TOP OF THE 1ST
Spokane Indians batting - Pitching for Lowell Spinners : RHP Nherbert Silivan
Pitching: RHP Nherbert Silivan
Batting: RHB Chad Thompson 0-0: Ball
1-0: Called Strike
1-1: Ball
2-1: Called Strike
2-2: Strikes out swinging
Batting: RHB Josh Whitmore 0-0: Ball
1-0: Called Strike
1-1: Called Strike
1-2: Foul Ball, location: 2F
1-2: Strikes out swinging
Batting: RHB Mike Thornton 0-0: Ball
1-0: Ground out 5-3 (Groundball, 56, EV 91.9 MPH)
Top of the 1st over - 0 runs, 0 hits, 0 errors, 0 left on base; Spokane 0 - Lowell 0
BOTTOM OF THE 1ST
Lowell Spinners batting - Pitching for Spokane Indians : RHP Victor Walshe
Pitching: RHP Victor Walshe
Batting: RHB Matt Parker 0-0: Ball
1-0: Ball
2-0: SINGLE (Line Drive, 4D, EV 102.5 MPH)
Batting: RHB Curt Stallings 0-0: Called Strike
0-1: Foul Ball, location: 2F
0-2: Ball
1-2: Foul Ball, location: 2F
1-2: Foul Ball, location: 2F
1-2: Grounds into double play, 6-4-3 (Groundball, 6, EV 91.2 MPH)
Batting: SHB Salvador Padilla 0-0: Ball
1-0: SINGLE (Groundball, 4MD, EV 94.4 MPH)
Batting: RHB Xavier Joslin 0-0: Ball
1-0: Ball
2-0: Ground out U3 (Groundball, 34, EV 83.1 MPH)
Bottom of the 1st over - 0 runs, 2 hits, 0 errors, 1 left on base; Spokane 0 - Lowell 0
TOP OF THE 2ND
Spokane Indians batting - Pitching for Lowell Spinners : RHP Nherbert Silivan
Batting: RHB Eric Garrett 0-0: Ball
1-0: Fly out, F8 (Flyball, 8LXD, EV 99.4 MPH)
Batting: RHB Vinny Luna 0-0: Foul Ball, location: 2F
0-1: Ball
1-1: Swinging Strike
1-2: Ball
2-2: Foul Ball, location: 2F
2-2: Foul Ball, location: 2F
2-2: Strikes out looking
Batting: RHB Aaron Graham 0-0: Called Strike
0-1: Ball
1-1: SOLO HOME RUN (Flyball, 89XD, EV 103.8 MPH), Distance : 403 ft
Batting: LHB Mike Sammons 0-0: Ball
1-0: Ball
2-0: Ball
3-0: Called Strike
3-1: Called Strike
3-2: Foul Ball, location: 2F
3-2: Base on Balls
Batting: RHB Rick Concha 0-0: Called Strike
0-1: Ball
1-1: Swinging Strike
1-2: Ball
2-2: Ball
3-2: Ground out 4-3 (Groundball, 4M, EV 90.6 MPH)
Top of the 2nd over - 1 run, 1 hit, 0 errors, 1 left on base; Spokane 1 - Lowell 0
BOTTOM OF THE 2ND
Lowell Spinners batting - Pitching for Spokane Indians : RHP Victor Walshe
Batting: RHB Mario Arriero 0-0: Ball
1-0: Ball
2-0: Called Strike
2-1: Foul Ball, location: 2F
2-2: Foul Ball, location: 2F
2-2: Ball
3-2: Fly out, F8 (Flyball, 8RS, EV 91.2 MPH)
Batting: RHB Willie Camacho 0-0: Swinging Strike
0-1: Ball
1-1: Foul Ball, location: 2F
1-2: Ball
2-2: Ball
3-2: Base on Balls
Batting: RHB Mike Strey 0-0: Grounds into double play, 1-4-3 (Groundball, P, EV 67.5 MPH)
Bottom of the 2nd over - 0 runs, 0 hits, 0 errors, 0 left on base; Spokane 1 - Lowell 0
TOP OF THE 3RD
Spokane Indians batting - Pitching for Lowell Spinners : RHP Nherbert Silivan
Batting: SHB Isaiah Cherry 0-0: Fly out, F7 (Flyball, 78D, EV 103.1 MPH)
Batting: RHB Chad Thompson 0-0: Ball
1-0: Ball
2-0: Swinging Strike
2-1: Fly out, F9 (Flyball, 9D, EV 92.5 MPH)
Batting: RHB Josh Whitmore 0-0: Ball
1-0: Called Strike
1-1: DOUBLE (Line Drive, 7LS, EV 103.8 MPH)
Batting: RHB Mike Thornton 0-0: Swinging Strike
0-1: Fly out, F4 (Popup, 13S, EV 88.8 MPH)
Top of the 3rd over - 0 runs, 1 hit, 0 errors, 1 left on base; Spokane 1 - Lowell 0
BOTTOM OF THE 3RD
Lowell Spinners batting - Pitching for Spokane Indians : RHP Victor Walshe
Batting: LHB Robert Gonzalez 0-0: Ball
1-0: Ball
2-0: Ground out 1-3 (Groundball, 13S, EV 68.1 MPH)
Batting: RHB Jose Molina 0-0: Ball
1-0: Called Strike
1-1: Called Strike
1-2: Strikes out swinging
Batting: RHB Matt Parker 0-0: Foul Ball, location: 2F
0-1: Ball
1-1: Called Strike
1-2: Ball
2-2: Ground out 4-3 (Groundball, 4, EV 85.6 MPH)
Bottom of the 3rd over - 0 runs, 0 hits, 0 errors, 0 left on base; Spokane 1 - Lowell 0
TOP OF THE 4TH
Spokane Indians batting - Pitching for Lowell Spinners : RHP Nherbert Silivan
Batting: RHB Eric Garrett 0-0: Called Strike
0-1: Ball
1-1: Foul Ball, location: 2F
1-2: Strikes out swinging
Batting: RHB Vinny Luna 0-0: Called Strike
0-1: Hit by Pitch
Batting: RHB Aaron Graham 0-0: Ball
1-0: TRIPLE (Flyball, 89XD, EV 105.0 MPH)
Vinny Luna scores
Batting: LHB Mike Sammons 0-0: Ground out U3 (Groundball, 3, EV 91.2 MPH)
Batting: RHB Rick Concha 0-0: Ball
1-0: Ground out 6-3 (Groundball, 6, EV 78.8 MPH)
Top of the 4th over - 1 run, 1 hit, 0 errors, 1 left on base; Spokane 2 - Lowell 0
BOTTOM OF THE 4TH
Lowell Spinners batting - Pitching for Spokane Indians : RHP Victor Walshe
Batting: RHB Curt Stallings 0-0: Ball
1-0: Ball
2-0: Fly out, F9 (Flyball, 9D, EV 101.2 MPH)
Batting: SHB Salvador Padilla 0-0: Ball
1-0: Ball
2-0: Ball
3-0: Called Strike
3-1: Called Strike
3-2: SINGLE (Groundball, 4MD, EV 95.6 MPH)
Batting: RHB Xavier Joslin 0-0: Ball
1-0: Called Strike
1-1: Foul Ball, location: 2F
1-2: Ball
2-2: Ball
3-2: DOUBLE (Line Drive, 89D, EV 98.8 MPH)
Salvador Padilla to third
Salvador Padilla scores
Batting: RHB Mario Arriero 0-0: Ball
1-0: Ball
2-0: SINGLE (Line Drive, 3D, EV 106.2 MPH)
Xavier Joslin to third
Runner from 3rd tries for Home, SAFE, throw by RF to home
Batting: RHB Willie Camacho 0-0: Foul Ball, location: 2F
0-1: Foul Ball, location: 2F
0-2: Foul Ball, location: 2F
0-2: Strikes out looking
Batting: RHB Mike Strey 0-0: Ball
1-0: Fly out, F9 (Line Drive, 9D, EV 106.9 MPH)
Bottom of the 4th over - 2 runs, 3 hits, 0 errors, 1 left on base; Spokane 2 - Lowell 2
TOP OF THE 5TH
Spokane Indians batting - Pitching for Lowell Spinners : RHP Nherbert Silivan
Batting: SHB Isaiah Cherry 0-0: Called Strike
0-1: Ball
1-1: Swinging Strike
1-2: Ball
2-2: SINGLE (Line Drive, 34, EV 105.6 MPH)
Batting: RHB Chad Thompson 0-0: Ball
1-0: Swinging Strike
1-1: Called Strike
1-2: Ball
2-2: Ball
3-2: Foul Ball, location: 2F
3-2: Foul Ball, location: 2F
3-2: Foul Ball, location: 2F
3-2: Base on Balls
Isaiah Cherry to second
Batting: RHB Josh Whitmore 0-0: Ball
1-0: Called Strike
1-1: Foul Ball, location: 2F
1-2: SINGLE (Line Drive, 8RS, EV 93.8 MPH)
Isaiah Cherry to third
Chad Thompson to second
Runner from 3rd tries for Home, SAFE, throw by CF to home
Batting: RHB Mike Thornton 0-0: Called Strike
0-1: Called Strike
0-2: Ball
1-2: Strikes out looking
Batting: RHB Eric Garrett 0-0: Called Strike
0-1: Ground out 5-3 (Groundball, 56S, EV 76.2 MPH)
Chad Thompson to third
Josh Whitmore to second
Batting: RHB Vinny Luna 0-0: Ball
1-0: Ball
2-0: DOUBLE (Flyball, 8RXD, EV 101.2 MPH)
Chad Thompson scores
Josh Whitmore scores
Pitching: RHP Mike Goodwin
Batting: RHB Aaron Graham 0-0: Ball
Wild Pitch!
Vinny Luna to third
1-0: Fly out, F8 (Flyball, 78D, EV 91.9 MPH)
Top of the 5th over - 3 runs, 3 hits, 0 errors, 1 left on base; Spokane 5 - Lowell 2
BOTTOM OF THE 5TH
Lowell Spinners batting - Pitching for Spokane Indians : RHP Victor Walshe
Batting: LHB Robert Gonzalez 0-0: Ball
1-0: Foul Ball, location: 2F
1-1: Foul Ball, location: 2F
1-2: Foul Ball, location: 2F
1-2: Strikes out swinging
Batting: RHB Jose Molina 0-0: Ball
1-0: Foul Ball, location: 2F
1-1: Ball
2-1: Ground out 3-1 (Groundball, 34, EV 83.8 MPH)
Batting: RHB Matt Parker 0-0: Called Strike
0-1: Ball
1-1: SINGLE (Groundball, 6MD, EV 98.8 MPH)
Batting: RHB Curt Stallings 0-0: Ball
1-0: Fly out, F8 (Line Drive, 8LM, EV 107.5 MPH)
Bottom of the 5th over - 0 runs, 1 hit, 0 errors, 1 left on base; Spokane 5 - Lowell 2
TOP OF THE 6TH
Spokane Indians batting - Pitching for Lowell Spinners : RHP Mike Goodwin
Batting: LHB Mike Sammons 0-0: Called Strike
0-1: Ball
1-1: Ground out 3-1 (Groundball, 34, EV 101.9 MPH)
Batting: RHB Rick Concha 0-0: Ground out 5-3 (Groundball, 56S, EV 83.1 MPH)
Pitching: LHP Jose Andujar
Batting: SHB Isaiah Cherry 0-0: Called Strike
0-1: Foul Ball, location: 2F
0-2: SINGLE (Groundball, 56, EV 106.9 MPH) (infield hit)
Batting: RHB Chad Thompson 0-0: Foul Ball, location: 2F
0-1: Ball
1-1: Called Strike
Isaiah Cherry steals 2nd base
1-2: Ball
2-2: Foul Ball, location: 2F
2-2: Foul Ball, location: 2F
2-2: Fly out, F7 (Flyball, 78M, EV 90.0 MPH)
Top of the 6th over - 0 runs, 1 hit, 0 errors, 1 left on base; Spokane 5 - Lowell 2
BOTTOM OF THE 6TH
Lowell Spinners batting - Pitching for Spokane Indians : RHP Victor Walshe
Batting: SHB Salvador Padilla 0-0: Called Strike
0-1: Swinging Strike
0-2: Strikes out swinging
Batting: RHB Xavier Joslin 0-0: Called Strike
0-1: SINGLE (Flyball, 89S, EV 90.0 MPH)
Batting: RHB Mario Arriero 0-0: Ball
1-0: Grounds into double play, 1-4-3 (Groundball, 15S, EV 61.2 MPH)
Bottom of the 6th over - 0 runs, 1 hit, 0 errors, 0 left on base; Spokane 5 - Lowell 2
TOP OF THE 7TH
Spokane Indians batting - Pitching for Lowell Spinners : LHP Jose Andujar
Batting: RHB Josh Whitmore 0-0: Foul Ball, location: 2F
0-1: Foul Ball, location: 2F
0-2: TRIPLE (Flyball, 9LD, EV 96.9 MPH)
Batting: RHB Mike Thornton 0-0: Foul Ball, location: 2F
0-1: Foul Ball, location: 2F
0-2: Ball
1-2: Strikes out looking
Batting: RHB Eric Garrett 0-0: Ball
1-0: Foul Ball, location: 2F
1-1: Foul Ball, location: 2F
1-2: Foul Ball, location: 2F
1-2: Ball
2-2: Foul Ball, location: 2F
2-2: Foul Ball, location: 2F
2-2: Foul Ball, location: 2F
2-2: Ball
3-2: Fly out, F7 (Line Drive, 78M, EV 93.1 MPH)
Runner from 3rd tags up, SCORES, no throw by LF
Batting: RHB Vinny Luna 0-0: Ball
1-0: Ball
2-0: Swinging Strike
2-1: Ball
3-1: Base on Balls
Pitching: RHP Armando Berrios
Batting: RHB Aaron Graham 0-0: Ball
1-0: SINGLE (Groundball, 56D, EV 101.9 MPH)
Vinny Luna to second
Batting: LHB Mike Sammons 0-0: Called Strike
0-1: Ball
1-1: Swinging Strike
1-2: Foul Ball, location: 2F
1-2: Ball
2-2: Foul Ball, location: 2F
2-2: Foul Ball, location: 2F
2-2: Reached on error, E4 (Groundball, 13, EV 86.2 MPH)
Vinny Luna to third
Aaron Graham to second
Batting: RHB Rick Concha 0-0: Swinging Strike
0-1: Ball
1-1: Ball
2-1: Foul Ball, location: 2F
2-2: Foul Ball, location: 2F
2-2: Ball
3-2: Foul Ball, location: 2F
3-2: Strikes out swinging
Top of the 7th over - 1 run, 2 hits, 1 error, 3 left on base; Spokane 6 - Lowell 2
BOTTOM OF THE 7TH
Lowell Spinners batting - Pitching for Spokane Indians : RHP Victor Walshe
Batting: RHB Willie Camacho 0-0: Called Strike
0-1: Ball
1-1: Foul Ball, location: 2F
1-2: Strikes out swinging
Batting: RHB Mike Strey 0-0: Called Strike
0-1: Fly out, F9 (Flyball, 9, EV 90.6 MPH)
Batting: LHB Robert Gonzalez 0-0: Called Strike
0-1: Ball
1-1: Swinging Strike
1-2: Strikes out swinging
Bottom of the 7th over - 0 runs, 0 hits, 0 errors, 0 left on base; Spokane 6 - Lowell 2
TOP OF THE 8TH
Spokane Indians batting - Pitching for Lowell Spinners : RHP Armando Berrios
Batting: SHB Isaiah Cherry 0-0: Ball
1-0: Ball
2-0: Ball
3-0: Called Strike
3-1: Ground out 3-1 (Groundball, 34S, EV 78.8 MPH)
Batting: RHB Chad Thompson 0-0: Foul Ball, location: 2F
0-1: Called Strike
0-2: Ground out 5-3 (Groundball, 56, EV 90.6 MPH)
Batting: RHB Josh Whitmore 0-0: Foul Ball, location: 2F
0-1: Foul Ball, location: 2F
0-2: Ball
1-2: Foul Ball, location: 2F
1-2: Foul Ball, location: 2F
1-2: Ball
2-2: SOLO HOME RUN (Flyball, 78XD, EV 106.2 MPH), Distance : 417 ft
Batting: RHB Mike Thornton 0-0: Ball
1-0: Ball
2-0: Ball
3-0: Ground out 6-3 (Groundball, 6, EV 88.8 MPH)
Top of the 8th over - 1 run, 1 hit, 0 errors, 0 left on base; Spokane 7 - Lowell 2
BOTTOM OF THE 8TH
Lowell Spinners batting - Pitching for Spokane Indians : RHP Victor Walshe
Now at 1B: Jason Swisher
Batting: RHB Jose Molina 0-0: Ball
1-0: Ground out 6-3 (Groundball, 6, EV 80.0 MPH)
Batting: RHB Matt Parker 0-0: Ground out U3 (Groundball, 13, EV 89.4 MPH)
Batting: RHB Curt Stallings 0-0: Called Strike
0-1: Ball
1-1: Ball
2-1: Foul Ball, location: 2F
2-2: Ground out 6-3 (Groundball, 6, EV 106.9 MPH)
Bottom of the 8th over - 0 runs, 0 hits, 0 errors, 0 left on base; Spokane 7 - Lowell 2
TOP OF THE 9TH
Spokane Indians batting - Pitching for Lowell Spinners : RHP Armando Berrios
Batting: RHB Eric Garrett 0-0: Ball
1-0: Ball
2-0: Ball
3-0: Base on Balls
Pitching: RHP Jose Abanto
Batting: RHB Vinny Luna 0-0: Ball
1-0: Ball
2-0: Ball
3-0: Called Strike
3-1: Foul Ball, location: 2F
3-2: Foul Ball, location: 2F
3-2: Foul Ball, location: 2F
3-2: DOUBLE (Flyball, 8LXD, EV 103.1 MPH)
Eric Garrett to third
Batting: RHB Aaron Graham 0-0: Ball
1-0: Foul Ball, location: 2F
1-1: Swinging Strike
1-2: DOUBLE (Groundball, 5L, EV 105.6 MPH)
Eric Garrett scores
Vinny Luna scores
Pinch Runner at 2nd Sergio Godinez:
Pinch Hitting: RHB Gavin Fimple 0-0: Called Strike
0-1: Foul Ball, location: 2F
0-2: Strikes out swinging
Batting: RHB Rick Concha 0-0: Ball
1-0: Called Strike
1-1: Foul Ball, location: 2F
1-2: Ground out U3 (Groundball, 23, EV 85.6 MPH)
Sergio Godinez to third
Batting: SHB Isaiah Cherry 0-0: Ball
1-0: Ground out U3 (Groundball, 13, EV 92.5 MPH)
Top of the 9th over - 2 runs, 2 hits, 0 errors, 1 left on base; Spokane 9 - Lowell 2
BOTTOM OF THE 9TH
Lowell Spinners batting - Pitching for Spokane Indians : RHP Victor Walshe
Pitching: RHP Chris Lincecum II
Now at C: Gavin Fimple
Now at SS: Jerry Castillo
Pinch Hitting: RHB Dominique Paolozzi 0-0: Called Strike
0-1: DOUBLE (Line Drive, 8LXD, EV 107.5 MPH)
Batting: RHB Xavier Joslin 0-0: Ball
1-0: Foul Ball, location: 2F
1-1: Ball
2-1: Fly out, F7 (Line Drive, 78M, EV 90.0 MPH)
Batting: RHB Mario Arriero 0-0: Called Strike
0-1: SINGLE (Groundball, 34D, EV 99.4 MPH)
Dominique Paolozzi to third
Batting: RHB Willie Camacho 0-0: Called Strike
0-1: Foul Ball, location: 2F
0-2: Foul Ball, location: 2F
0-2: Strikes out looking
Batting: RHB Mike Strey 0-0: Called Strike
0-1: Called Strike
0-2: Ball
1-2: Strikes out swinging
Bottom of the 9th over - 0 runs, 2 hits, 0 errors, 2 left on base; Spokane 9 - Lowell 2
Tuesday, March 28th , 2023 - OOTP Baseball 23.10 Build 110